Map: Frostline LE

Players

BigZlilD - Winner!

  • Race: Terran Terran
  • League: Bronze
  • Spawn Location: 7:00

iPlayDefense

  • Race: Terran Terran
  • League: Silver
  • Spawn Location: 1:00

VOD

Have the link to the VOD?

Description

Time

  • Played on: April 14, 2025, 8:39 a.m.
  • Length: 10:01
Show
View Real Time Build Order
Export as new Build Order

BigZlilD Terran - Winner!

Build Orders:  

Get SALT Encoding   

  12  0:18  Supply Depot  
  12  0:25  SCV  
  13  0:31  Refinery  
  13  0:37  SCV  
  14  0:49  SCV  
  15  0:55  Barracks  
  15  1:01  SCV, Refinery  
  16  1:13  SCV  
  17  1:25  SCV  
  18  1:37  SCV  
  19  1:44  Barracks Tech Lab  
  19  1:46  Factory  
  19  1:49  SCV  
  20  2:01  SCV  
  21  2:39  Factory Tech Lab  
  21  2:40  Marine  
  21  2:42  Starport  
  22  2:58  Marine  
  23  3:33  Starport  
  23  3:37  Orbital Command  
  23  3:43  Supply Depot  
  23  4:04  Marine, Viking  
  26  4:12  Fusion Core  
  26  4:15  Command Center  
  26  4:22  Marine  
  27  4:26  Starport Tech Lab  
  27  4:31  Siege Tank  
  30  4:40  Marine  
  31  4:45  Supply Depot  
  31  5:07  SCV, Viking  
  31  5:08  Supply Depot  
  34  5:19  SCV  
  35  5:23  Combat Shield  
  35  5:30  Refinery  
  35  5:31  SCV  
  35  5:34  Armory  
  36  5:37  SCV, Viking  
  39  5:49  SCV  
  40  6:01  SCV  
  41  6:10  Starport Tech Lab  
  41  6:13  SCV  
  42  6:25  SCV  
  43  6:26  Supply Depot  
  43  6:27  Refinery  
  43  6:30  Battlecruiser  
  49  6:37  SCV  
  50  6:42  Stimpack  
  50  6:44  Marine  
  51  6:49  SCV  
  51  6:50  Supply Depot  
  52  7:01  SCV, Marine  
  52  7:04  Terran Ship Weapons Level 1  
  54  7:13  SCV  
  54  7:14  Supply Depot  
  55  7:19  Marine  
  56  7:25  SCV  
  57  7:34  Battlecruiser  
  57  7:36  Supply Depot  
  63  7:38  SCV  
  64  7:50  SCV  
  65  7:59  Viking  
  65  8:02  SCV  
  68  8:10  Supply Depot  
  68  8:14  SCV  
  69  8:26  SCV  
  70  8:29  Viking  
  70  8:31  Engineering Bay  
  70  8:33  Supply Depot  
  72  8:38  SCV  
  72  8:41  Battlecruiser  
  79  9:16  Supply Depot  
  64  9:38  Marine  
Show
View Real Time Build Order
Export as new Build Order

iPlayDefense Terran 

Build Orders:  

Get SALT Encoding   

  12  0:00  SCV  
  13  0:15  Supply Depot  
  13  0:18  SCV  
  14  0:31  SCV, Refinery  
  15  0:44  Barracks  
  15  0:48  SCV  
  16  1:00  SCV  
  16  1:03  Supply Depot  
  17  1:31  Orbital Command  
  17  1:32  Barracks Reactor  
  17  1:52  Barracks  
  17  1:53  Barracks  
  17  2:05  SCV  
  17  2:07  Factory  
  18  2:12  Marine x2  
  20  2:22  Refinery  
  20  2:39  Barracks Tech Lab  
  20  2:40  Barracks Tech Lab  
  20  2:50  Engineering Bay  
  20  2:51  SCV  
  20  2:53  Factory Tech Lab  
  20  2:55  Marine x2  
  23  3:03  SCV  
  24  3:08  Stimpack  
  24  3:13  Combat Shield, Marine  
  24  3:16  SCV  
  26  3:47  Command Center  
  26  4:05  Siege Tank  
  26  4:09  SCV  
  30  4:11  Marine  
  31  4:20  Supply Depot  
  31  4:41  SCV, Marine x3  
  35  4:53  SCV  
  35  4:58  Siege Tank  
  35  4:59  Marauder  
  41  5:01  Orbital Command  
  41  5:16  SCV  
  41  5:20  Marine x4  
  46  5:25  Supply Depot  
  46  5:29  SCV  
  47  5:37  Marine  
  47  5:38  Marauder  
  47  5:39  Marauder, Bunker  
  47  5:41  SCV  
  53  5:46  SCV  
  53  5:47  Marine  
  55  5:53  SCV  
  55  5:55  Marine  
  57  5:58  Supply Depot, Terran Infantry Weapons Level 1, SCV  
  57  5:59  Marine x2  
  60  6:05  SCV  
  60  6:11  SCV  
  62  6:13  Starport x2  
  62  6:22  Supply Depot  
  62  6:33  Refinery  
  62  6:42  Refinery  
  62  6:44  Supply Depot  
  62  6:45  Supply Depot  
  62  6:48  Marine x3  
  62  6:49  Marine  
  66  6:54  Starport Tech Lab x2  
  66  7:06  Marine  
  66  7:07  Marauder  
  69  7:08  Supply Depot  
  69  7:23  SCV x2  
  69  7:24  Marine  
  69  7:25  Marine x2  
  69  7:27  Siege Tank  
  69  7:28  Marine  
  78  7:31  Supply Depot  
  78  7:33  Supply Depot  
  78  7:35  SCV  
  78  7:36  SCV  
  80  7:39  Medivac x2  
  80  7:43  Marauder  
  86  7:46  Marauder  
  86  7:48  SCV x2  
  86  7:49  Marine x2  
  92  7:55  Supply Depot  
  92  7:57  Supply Depot  
  92  7:59  Siege Tank  
  92  8:00  SCV  
  92  8:01  SCV  
  97  8:09  Medivac  
  99  8:17  Barracks  
  99  8:19  Barracks  
  99  8:22  Marine x4  
  103  8:27  Supply Depot  
  103  8:41  Marauder x2  
  107  8:59  SCV x2, Marine x2  
  107  9:01  Siege Tank, Marine x2  
  116  9:05  Supply Depot  
  116  9:10  Barracks Reactor x2  
  116  9:11  SCV x2  
  118  9:20  Marauder x2  
  93  9:40  Marine x2  
  93  9:41  Marine x2  
  91  9:47  Supply Depot  
  86  9:55  Missile Turret  
Tags
 
Matchup
TvT
Race
Terran
Replay Pack
DaveSC2
Spawn Locations
Cross Positions
Add a new tag
Caveats
  • Supply blocks, unpowered buildings, or Contaminate may cause inaccurate times.
  • Supply counts are checked every 10 seconds.